 Dungeon Crawl Stone Soup version 0.30-a0-867-g305f33218d (webtiles) character file.

Game seed: 11367901541060320532

3083 DON090911 the Grappler (level 9, -15/126 HPs)
             Began as a Troll Berserker on Mar 10, 2023.
             Was a High Priest of Trog.
             Demolished by Erica
             ... wielding a +4 scimitar of flaming
              (18 damage)
             ... on level 8 of the Dungeon.
             The game lasted 00:34:56 (6458 turns).

DON090911 the Grappler (Troll Berserker)            Turns: 6458, Time: 00:34:57

Health: -15/126    AC:  5    Str: 31    XL:     9   Next: 58%
Magic:  0/8        EV: 10    Int:  3    God:    Trog [*****.]
Gold:   278        SH:  0    Dex:  9    Spells: 8/8 levels left

rFire   . . .      SeeInvis .      - Unarmed
rCold   . . .      Faith    .    (no shield)
rNeg    . . .      Spirit   +    a - +0 animal skin
rPois   .          Reflect  .    (helmet restricted)
rElec   .          Rampage  .    b - +0 cloak
rCorr   .                        (gloves unavailable)
Will    ++...                    (boots unavailable) Stlth
                                 G - amulet of guardian spirit
HPRegen 2.21/turn                j - +4 ring of slaying
MPRegen 0.11/turn                g - ring of flight

@: berserking, strong-willed, flying, regenerating, very quick
A: large, unfitting armour, claws 3, regeneration 1, shaggy fur 1, tough skin 1
a: Renounce Religion, Berserk, Trog's Hand, Brothers in Arms


You were on level 8 of the Dungeon.
You worshipped Trog.
Trog was extremely pleased with you.
You visited 1 branch of the dungeon, and saw 8 of its levels.
You also visited: Ossuary.

You collected 278 gold pieces.

Inventory:

Hand Weapons
 w - the +5 long sword "Xolunk Affi" {speed, rPois Will+ rCorr Str+3}
   (You took it off a gnoll on level 4 of the Dungeon)

   Str:       It affects your strength (+3).
   rPois:     It protects you from poison.
   rCorr:     It protects you from acid and corrosion.
   Will:      It increases your willpower.
 B - a +0 giant club
Missiles
 v - a throwing net
 C - 4 large rocks
Armour
 a - a +0 animal skin (worn)
 b - a +0 cloak (worn)
 m - a +0 plate armour
Jewellery
 e - a +6 ring of intelligence
 f - a ring of fire
 g - a ring of flight (right claw)
 j - a +4 ring of slaying (left claw)
 n - a ring of wizardry
 t - a ring of resist corrosion
 G - an amulet of guardian spirit (around neck)
Wands
 F - a wand of mindburst (18)
Scrolls
 d - 4 scrolls of vulnerability
 h - 12 scrolls of identify
 i - a scroll of magic mapping
 s - 5 scrolls of teleportation
 u - 2 scrolls of poison
 x - a scroll of immolation
 y - a scroll of enchant armour {unknown}
 D - 3 scrolls of enchant weapon
Potions
 c - 3 potions of haste
 k - 2 potions of attraction
 l - 6 potions of lignification
 o - a potion of curing (quivered)
 p - a potion of mutation {unknown}
 q - 4 potions of berserk rage {unknown}
 r - 3 potions of heal wounds {unknown}
 z - a potion of invisibility
 A - a potion of flight {unknown}
 E - a potion of might {unknown}


   Skills:
 + Level 4.0 Fighting
 + Level 5.0 Dodging
 + Level 2.5 Stealth
 + Level 11.3 Unarmed Combat


You had 8 spell levels left.
You didn't know any spells.
Your spell library was empty.

Dungeon Overview and Level Annotations

Branches:
Dungeon (8/15)             Temple (0/1) D:7         Ossuary (visited)
   Lair: D:8-11

Altars:
Dithmenos
Kikubaaqudgha
Nemelex Xobeh
Okawaru
Vehumet
Xom

Annotations:
D:8 Erica


Innate Abilities, Weirdness & Mutations

You are too large for most types of armour.
You have claws for hands.
Your natural rate of healing is unusually fast.
You are covered in fur. (AC +1)
You have tough skin. (AC +1)


Message History

Deactivating autopickup; reactivate with Ctrl-A.
You completely miss something. Something hits you. Something burns you.
You bump into the stone wall.
Something hits you. Something burns you.
You mangle something!! Your claw misses something. Something hits you.
Something burns you.
You closely miss something.
You feel less confused.
You closely miss something. Something hits you! Something burns you.
You barely miss something. Your claw misses something. Something hits you.
Something burns you.
You claw something!
You hear some strange, mumbled words.
A lance of force appears from out of thin air!
The lance of force hits you!!
You are knocked back by the lance of force.
You slam into the stone wall!
* * * LOW HITPOINT WARNING * * *
Your skin crawls.
You feel strong-willed. Something hits you!
* * * LOW HITPOINT WARNING * * *
Something burns you.
* * * LOW HITPOINT WARNING * * *
A red film seems to cover your vision as you go berserk!
You feel yourself moving faster!
You feel mighty!
You hear some strange, mumbled words.
Something tries to affect you, but you resist.
You closely miss something. You closely miss something. Something hits you.
* * * LOW HITPOINT WARNING * * *
Something burns you.
* * * LOW HITPOINT WARNING * * *
You mangle something!! You barely miss something. Something hits you!
* * * LOW HITPOINT WARNING * * *
Something burns you.
* * * LOW HITPOINT WARNING * * *
You miss something. You completely miss something. Something hits you!!
You die...

********,,,*#.##**,****
**,**#.".,*,**
#,*##..#,,,,*
#.##...#*,,,*
#.#.,..###,,**
#...##.#.##,,**
**#..#.#..##,,*
*#...{...#*.*
##..#@.##..*
####*######..#.##..#*
#>.,,!.......###...*
#.#**#######.#*..#,*
###.########.#.#..#*,*
........<...#....#**,*
############....## *,*
#.#### *,* #.#******,*


There were no monsters in sight!

Vanquished Creatures
  Grinder (D:3)
  4 yaks (D:6)
  A steam dragon (D:7)
  The ghost of throatwolfe the Insei, an amateur DsTm of Uskayaw (D:3)
  Menkaure (D:5)
  A black bear (D:5)
  An ice beast (D:7)
  A sky beast (D:7)
  An ogre (D:6)
  A centaur (D:5)
  3 phantoms
  A bullfrog (D:5)
  A necrophage (D:3)
  A scorpion (D:6)
  A water moccasin zombie (D:3)
  A water moccasin skeleton (D:3)
  A howler monkey (D:6)
  A hound (D:5)
  4 orc priests
  2 bullfrog skeletons (D:3)
  2 gnoll boudas
  3 iguanas
  Terence (D:3)
  2 sleepcaps (D:7)
  6 orc wizards
  2 mummies
  5 adders
  13 gnolls
  A shadow imp (D:7)
  2 ufetubi
  2 worms (D:2)
  5 dart slugs
  8 orcs
  2 spectral bats (Ossuary)
  9 ball pythons
  6 bats
  9 endoplasms
  5 giant cockroaches
  12 gnoll zombies (Ossuary)
  8 goblins
  8 hobgoblins
  16 jackals
  9 kobolds
  A quokka (D:4)
  5 bat simulacra (Ossuary)
  2 frilled lizards
  4 goblin simulacra (Ossuary)
  5 goblin zombies (Ossuary)
  3 hobgoblin zombies (Ossuary)
  5 kobold zombies (Ossuary)
  5 orc zombies (Ossuary)
  7 rats
  4 rat simulacra (Ossuary)
  A spectral goblin (Ossuary)
  3 spectral kobolds (Ossuary)
  6 spectral rats (Ossuary)
216 creatures vanquished.

Vanquished Creatures (others)
  A black bear (D:4)
  An iguana (D:4)
  2 adders (D:4)
  An ufetubus (D:4)
  An orc (D:4)
  An endoplasm (D:4)
  A goblin (D:4)
  A kobold (D:4)
  A ball python (D:4)
  10 fungi (D:5)
20 creatures vanquished.

Grand Total: 236 creatures vanquished

Notes
Turn   | Place    | Note
-------+----------+-------------------------------------------
     0 | D:1      | DON090911 the Troll Berserker began the quest for the Orb.
     0 | D:1      | Reached XP level 1. HP: 22/22 MP: 0/0
    79 | D:1      | Reached XP level 2. HP: 29/29 MP: 1/1
   519 | D:1      | You fall into a shaft and drop 1 floor!
   531 | D:2      | Reached XP level 3. HP: 36/36 MP: 2/2
   562 | D:2      | Reached ** piety under Trog
  1285 | D:2      | Found an iron altar of Okawaru.
  1330 | D:2      | Reached skill level 4 in Unarmed Combat
  1330 | D:2      | Reached XP level 4. HP: 44/44 MP: 3/3
  1524 | D:3      | Noticed Grinder
  1539 | D:3      | Paralysed by Grinder for 2 turns
  1543 | D:3      | Killed Grinder
  1544 | D:3      | Reached skill level 5 in Unarmed Combat
  1544 | D:3      | Reached XP level 5. HP: 43/52 MP: 4/4
  1544 | D:3      | Reached XP level 6. HP: 49/59 MP: 5/5
  1616 | D:3      | Found a transporter.
  1626 | D:3      | Noticed Terence
  1632 | D:3      | Killed Terence
  1649 | D:3      | Found a transporter.
  1657 | D:3      | Noticed throatwolfe's ghost (amateur DsTm)
  2236 | D:3      | Reached skill level 6 in Unarmed Combat
  2406 | D:3      | Reached XP level 7. HP: 67/67 MP: 6/6
  2407 | D:3      | Killed throatwolfe's ghost
  2408 | D:3      | Reached skill level 7 in Unarmed Combat
  2410 | D:3      | Reached skill level 1 in Stealth
  2551 | D:4      | Found a shimmering altar of Xom.
  2590 | D:4      | Reached *** piety under Trog
  2781 | D:4      | Found an ancient bone altar of Kikubaaqudgha.
  2897 | D:4      | Found a sparkling altar of Nemelex Xobeh.
  2992 | D:4      | Found a radiant altar of Vehumet.
  3030 | D:4      | Identified the +5 long sword "Xolunk Affi" {speed, rPois
                  | Will+ rCorr Str+3}
  3030 | D:4      | Identified the +1 buckler of the Unstoppable Mice {Harm
                  | rElec Int+3 Dex-4}
  3036 | D:4      | Reached skill level 8 in Unarmed Combat
  3446 | D:5      | Entered Level 5 of the Dungeon
  3489 | D:5      | Noticed Menkaure
  3502 | D:5      | Killed Menkaure
  3503 | D:5      | Reached XP level 8. HP: 61/75 MP: 7/7
  3662 | D:5      | Reached skill level 9 in Unarmed Combat
  3751 | D:5      | Found a shadowy altar of Dithmenos.
  4506 | D:6      | Reached skill level 10 in Unarmed Combat
  4506 | D:6      | Reached XP level 9. HP: 82/83 MP: 8/8
  4569 | D:6      | Reached **** piety under Trog
  5394 | D:7      | Reached skill level 11 in Unarmed Combat
  5498 | D:7      | Reached skill level 5 in Dodging
  5512 | D:7      | Found a staircase to the Ecumenical Temple.
  6079 | D:8      | Noticed Erica
  6080 | D:8      | Found a sand-covered staircase.
  6088 | Ossuary  | Entered an ossuary
  6260 | Ossuary  | Reached ***** piety under Trog
  6456 | D:8      | HP: 2/126 [something (13)]
  6458 | D:8      | Demolished by Erica

Illustrated notes

Levels and vault maps discovered:
D:1:      matt_arrival_grand_opening, layout_loops_corners,
          palyth_stone_intersect
D:2:      layout_rooms, basic_altar, minmay_hexomino_u4
D:3:      layout_basic, gammafunk_ghost_mausoleum, uniq_grinder, uniq_terence
D:4:      layout_loops_ring, mainiacjoe_overflow_catwalk, xom_confusion_cloud,
          mainiacjoe_overflow_chevrons, nemelex_dance_club_becter,
          chequers_serial_rivers_marsh, kennysheep_generic_room_2
D:5:      cheibrodos_iron_armory, layout_basic, nicolae_dithmenos_the_darkroom,
          serial_aquarium, aquarium_bridge_straight [aquarium_subvault_bridge,
          aquarium_subvault_balcony, aquarium_subvault_bridge,
          aquarium_subvault_window], aquarium_window_3, aquarium_window_1,
          aquarium_window_1, aquarium_view_2b, aquarium_view_2e,
          aquarium_balcony_double_4, aquarium_pool_side, uniq_menkaure
D:6:      layout_basic, chequers_jeans
D:7:      layout_gridville, minmay_temple_entry_wispy
D:8:      layout_loops_ring, mainiacjoe_overflow_boulevard,
          nicolae_wu_jian_wuxing_cycle, chequers_temple_overflow_minitemple,
          gup_ossuary_entry_pyramid, special_room [special_room_orc], uniq_erica

Skill      XL: |  1  2  3  4  5  6  7  8  9 |
---------------+----------------------------+-----
Dodging        | 3 4 5 |  5.0
Unarmed Combat | 4 5 6 8 10 11 | 11.3
Fighting       | 3 4 |  4.0
Stealth        | 1 2 |  2.5

Action                     |  1- 3 |  4- 6 |  7- 9 || total
---------------------------+-------+-------+-------++-------
  Melee: Unarmed           |   102 |    51 |   282 ||   435
         Punch             |     2 |       |    10 ||    12
 Invoke: Berserk           |     1 |     2 |     7 ||    10
         Trog's Hand       |       |       |     1 ||     1
    Use: Scroll            |       |     9 |     2 ||    11
         Potion            |       |     3 |     1 ||     4
   Stab: Invisible         |       |     2 |       ||     2
         Sleeping          |       |     1 |     5 ||     6
 Armour: Animal skin       |    29 |    11 |    51 ||    91
  Dodge: Dodged            |    48 |    14 |    95 ||   157

Table legend: (Time is in decaauts)
 A = Elapsed time spent in this place.
 B = Non-inter-level travel time spent in this place.
 C = Inter-level travel time spent in this place.
 D = Time resting spent in this place.
 E = Time spent auto-exploring this place.
 F = Levels seen in this place.
 G = Mean time per level.
                   A        B        C        D        E       F      G
               +--------+--------+--------+--------+--------+-----+--------+
         Total |   6445 |   2761 |   3684 |      0 |   1488 |   9 |  716.1 |
       Dungeon |   6092 |   2408 |   3684 |      0 |   1458 |   8 |  761.5 |
       Ossuary |    353 |    353 |      0 |      0 |     30 |   1 |  353.0 |
               +--------+--------+--------+--------+--------+-----+--------+

Top non-repeatable levels by time:
     D:1: 1013 daAuts
     D:3: 1005 daAuts
     D:7: 953 daAuts
     D:4: 942 daAuts
     D:5: 923 daAuts
     D:6: 637 daAuts
     D:2: 478 daAuts
 Ossuary: 353 daAuts
     D:8: 137 daAuts
